 Dungeon Crawl Stone Soup version 0.26-a0-651-gb41185065b (webtiles) character file.

Game seed: 3320440969066008169

70 gbos the Covert (level 4, 0/41 HPs)
             Began as a Gnoll Delver on Oct 25, 2020.
             Slain by an orc
             ... wielding a +0 short sword
              (7 damage)
             ... on level 5 of the Dungeon.
             The game lasted 00:01:03 (429 turns).

gbos the Covert (Gnoll Delver)                       Turns: 429, Time: 00:01:03

Health: 0/41       AC:  3    Str: 14    XL:     4   Next: 21%
Magic:  5/5        EV: 15    Int: 14    God:
Gold:   0          SH:  0    Dex: 16    Spells: 5/5 levels left

rFire    . . .     SeeInvis .   a - +0 hand axe
rCold    . . .     Faith    .   (no shield)
rNeg     . . .     Spirit   .   d - +1 robe of Repulsion {Harm +Blink rPois rCorr}
rPois    +         Reflect  .   (no helmet)
rElec    .         Harm     +   (no cloak)
rCorr    +         Rampage  .   (no gloves)
MR       .....                  (no boots)
Stlth    ++++......             (no amulet)
HPRegen  0.13/turn              (no ring)
MPRegen  0.09/turn              (no ring)

@: no status effects
A: distributed training, fangs 1, strong nose
a: Evoke Blink


You were on level 5 of the Dungeon.
You visited 1 branch of the dungeon, and saw 1 of its levels.


Innate Abilities, Weirdness & Mutations

Your experience applies equally to all skills.
You have very sharp teeth.
Your uncanny sense of smell can sniff out nearby items.


   Skills:
 + Level 6.6 Fighting
 + Level 1.0 Short Blades
 + Level 1.0 Long Blades
 + Level 4.6 Axes
 + Level 1.0 Maces & Flails
 + Level 1.0 Polearms
 + Level 1.0 Staves
 + Level 1.0 Slings
 + Level 1.0 Bows
 + Level 1.0 Crossbows
 + Level 1.0 Throwing
 + Level 1.0 Armour
 + Level 4.6 Dodging
 + Level 9.6 Stealth
 + Level 1.0 Shields
 + Level 1.0 Unarmed Combat
 + Level 1.0 Spellcasting
 + Level 0.8 Conjurations
 + Level 0.8 Hexes
 + Level 0.8 Summonings
 + Level 0.8 Necromancy
 + Level 0.8 Translocations
 + Level 0.8 Transmutations
 + Level 0.8 Fire Magic
 + Level 0.8 Ice Magic
 + Level 0.8 Air Magic
 + Level 0.8 Earth Magic
 + Level 0.8 Poison Magic
 + Level 1.1 Invocations
 + Level 1.0 Evocations


You had 5 spell levels left.
You didn't know any spells.
Your spell library was empty.

Inventory:

Hand Weapons
 a - a +0 hand axe (weapon)
Armour
 b - a +0 leather armour
 d - the +1 robe of Repulsion (worn) {Harm +Blink rPois rCorr}

   It protects you from poison.
   It lets you blink.
   It provides partial protection from all sources of acid and corrosion.
   It increases damage dealt and taken.
Wands
 g - a wand of digging (3)
Scrolls
 c - a scroll of fog
 e - 2 scrolls of fear
 h - a scroll of enchant weapon {unknown}
Potions
 f - a potion of haste {@q3}

Dungeon Overview and Level Annotations

Branches:
Dungeon (5/15)
 Temple: D:4-7

Altars:
Ashenzari

,,,░,,,░░
░,,,..............Z..,
,,,░░,,,░░
░,,,,▒▒...£▒▒...▒▒▒▒▒░
,,,░░░░,,▒▒▒,,,░▒....▒░▒..▒▒ ░
░,,░░ ░,,....,░▒▒...▒░▒▒w.▒ ░
░░,,░ ░,,,<...▒▒...▒░ ▒..▒▒ ░
░,,░ ░,,░░▒.S▒....▒ ▒..▒ ░
░░,░░░,,░ ░▒......▒▒▒▒.▒▒ ░░
░,,░░,,░ ▒..o..▒▒▒....▒▒ ░,
░,,░,,,░ ▒▒.og.▒▒......▒░ ░,
░,,,,,,░░▒▒...o....▒▒▒...▒░░░░,
░,,,,,,░▒..)......▒▒ ░▒....▒░,,
░,,,,,,.....▒▒...▒▒ ░▒▒...░,,
░░,,,,,.▒▒▒▒░▒▒..▒░░░░░░░▒...,,
░,,,,░░░ ▒...,,,,,,,,(.▒░░
░░░░,,░░░ ▒▒...,,,,,,,,,░
,,,,,,░ ▒▒▒▒▒░░░░░░░,░ ,░░░░,░░
░,░


You could see an orc priest, an orc wizard, an adder and an orc.


Message History

You hear an angry hiss.
The orc barely misses you.
You barely miss the orc wizard.
You hit the orc priest but do no damage.
You hit the orc.
An adder comes into view.
The orc closely misses you.
The orc wizard gestures at you while chanting.
The puff of frost hits you.
* * * LOW HITPOINT WARNING * * *
The orc priest closely misses you.
You hit the orc wizard but do no damage.
You hit the orc priest. You hit the orc but do no damage.
The orc barely misses you.
The orc wizard hits you but does no damage.
The orc priest closely misses you.
You hit the orc wizard but do no damage.
You hit the orc. You hit the orc priest. The orc closely misses you.
The orc wizard hits you with a +0 dagger.
* * * LOW HITPOINT WARNING * * *
The orc priest calls upon Beogh to heal the orc.
The orc is healed somewhat.
You barely miss the orc wizard. You barely miss the orc priest.
You closely miss the orc. The orc hits you with a +0 short sword.
You die...

Action                   |  1- 3 |  4- 6 || total
-------------------------+-------+-------++-------
Melee: Hand axe          |    12 |    14 ||    26
  Use: Scroll            |     1 |       ||     1
 Stab: Sleeping          |       |     1 ||     1
Armor: Leather armour    |     1 |       ||     1
       Robe              |       |     3 ||     3
Dodge: Dodged            |    12 |    17 ||    29

Levels and vault maps discovered:
D:5:      layout_layer_cave, overflow_temple_1_default

Notes
Turn   | Place    | Note
-------+----------+-------------------------------------------
     0 | D:5      | Reached skill level 9 in Stealth
     0 | D:5      | gbos the Gnoll Delver began the quest for the Orb.
     0 | D:5      | Reached XP level 1. HP: 23/23 MP: 1/1
    20 | D:5      | Noticed a howler monkey
    35 | D:5      | HP: 6/23 [howler monkey (2)]
    40 | D:5      | Killed a howler monkey
    40 | D:5      | Reached skill level 1 in Invocations
    40 | D:5      | Reached XP level 2. HP: 8/29 MP: 1/3
    40 | D:5      | Reached XP level 3. HP: 10/35 MP: 1/4
    62 | D:5      | Reached skill level 1 in Short Blades
    62 | D:5      | Reached skill level 1 in Long Blades
    62 | D:5      | Reached skill level 1 in Maces & Flails
    62 | D:5      | Reached skill level 1 in Polearms
    62 | D:5      | Reached skill level 1 in Staves
    62 | D:5      | Reached skill level 1 in Slings
    62 | D:5      | Reached skill level 1 in Bows
    62 | D:5      | Reached skill level 1 in Crossbows
    62 | D:5      | Reached skill level 1 in Throwing
    62 | D:5      | Reached skill level 1 in Armour
    62 | D:5      | Reached skill level 1 in Shields
    62 | D:5      | Reached skill level 1 in Unarmed Combat
    62 | D:5      | Reached skill level 1 in Spellcasting
    62 | D:5      | Reached skill level 1 in Evocations
    62 | D:5      | Reached XP level 4. HP: 15/41 MP: 3/5
   268 | D:5      | Got a creamy pearl robe
   279 | D:5      | Identified the +1 robe of Repulsion {Harm +Blink rPois
                  | rCorr} (You found it on level 5 of the Dungeon)
   289 | D:5      | Found a broken altar of Ashenzari.
   426 | D:5      | HP: 7/41 [orc wizard/puff of frost (7)]
   429 | D:5      | Slain by an orc

Vanquished Creatures
  A howler monkey (D:5)
  A worker ant (D:5)
  An ufetubus (D:5)
  An orc (D:5)
  2 jackals (D:5)
  A leopard gecko skeleton (D:5)
7 creatures vanquished.
